 Dungeon Crawl Stone Soup version 0.20-a0-984-ge8aa303 (webtiles) character file.

137 MTVSty1e the Insei (level 5, -4/42 HPs)
             Began as a Bultungin Transmuter on Apr 10, 2017.
             Was an Initiate of Wu Jian.
             Slain by a slave (9 damage)
             ... led by Pikel
             ... in the Ecumenical Temple.
             The game lasted 00:11:33 (3333 turns).

MTVSty1e the Insei (Bultungin Transmuter)           Turns: 3333, Time: 00:11:33

Health: -4/42      AC:  2    Str:  9    XL:     5   Next: 20%
Magic:  9/11       EV: 23    Int: 13    God:    Wu Jian [......]
Gold:   115        SH:  0    Dex: 21    Spells: 8/12 levels left

rFire    + . .     SeeInvis +     - Unarmed
rCold    + . .     Gourm    .   (shield currently unavailable)
rNeg     . . .     Faith    .   (armour currently unavailable)
rPois    .         Spirit   .   (helmet currently unavailable)
rElec    +         Reflect  .   (cloak currently unavailable)
rCorr    +         Harm     .   (gloves currently unavailable)
MR       .....                  (boots currently unavailable)
Stlth    ++........             (no amulet)
Regen    0.2/turn               l - ring of resist corrosion
MPRegen  0.2/turn               (no ring)

@: spider-form (expiring), resistant
A: short attention span, see invisible, deterioration 1, strong nose
a: End Transformation, Renounce Religion


You were in the Ecumenical Temple.
You worshipped Wu Jian.
Wu Jian was noncommittal.
You were not hungry.
You were a venomous arachnid creature.
You visited 2 branches of the dungeon, and saw 5 of its levels.

You collected 115 gold pieces.

Inventory:

Hand Weapons
 i - a +1 dagger (melded)
Missiles
 a - 45 arrows
Armour
 b - a +0 robe (melded)
 d - a +0 pair of gloves (melded)
Jewellery
 l - a ring of resist corrosion (left front leg)
 m - an uncursed ring of ice {unknown}
Scrolls
 f - 2 scrolls of teleportation
 h - a scroll of amnesia
 j - 3 scrolls of identify
Potions
 e - 2 potions of curing
Books
 c - a book of Changes

   Spells                             Type                      Level
   a - Beastly Appendage              Transmutation                1
   b - Sticks to Snakes               Transmutation                2
   c - Spider Form                    Transmutation/Poison         3
   d - Ice Form                       Ice/Transmutation            4
   e - Blade Hands                    Transmutation                5


   Skills:
 * Level 3.8 Fighting
 + Level 2.0 Short Blades
 + Level 2.0 Armour
 + Level 3.9 Dodging
 - Level 4.8 Unarmed Combat
 + Level 4.3 Spellcasting
 + Level 3.7 Transmutations


You had 8 spell levels left.
You knew the following spells:

 Your Spells              Type           Power        Failure   Level  Hunger
a - Beastly Appendage     Tmut           ##....       17%         1    None
b - Spider Form           Tmut/Pois      #.........   56%         3    ###....


Dungeon Overview and Level Annotations

Branches:
Dungeon (4/15)             Temple (1/1) D:4

Altars:
Dithmenos
Makhleb
Nemelex Xobeh
Qazlal
Sif Muna
Uskayaw
Vehumet
Wu Jian
Yredelemnul
The Shining One
Lugonu

Annotations:
Temple Pikel


Innate Abilities, Weirdness & Mutations

You have a short attention span.
((You have very sharp teeth.))
You have supernaturally acute eyesight. (SInv)
Your uncanny sense of smell can sniff out nearby items.
((You have sharp fingernails.))
Your body sometimes deteriorates upon taking damage.


Message History

There is a staircase back to the Dungeon here.
You hit Pikel but do no damage.
Pikel looks as sick as possible!
Pikel is moderately wounded.
The slave hits you!
* * * LOW HITPOINT WARNING * * *
You completely miss Pikel.
Pikel is moderately wounded.
Pikel hits you with a whip of freezing.
* * * LOW HITPOINT WARNING * * *
Pikel freezes you.
* * * LOW HITPOINT WARNING * * *
You feel protected. The slave misses you.
Pikel splashes around in the water.
It was a potion of mutation.
You feel extremely strange.
You feel yourself wasting away.
Your fingernails lengthen.
The slave completely misses you. Pikel closely misses you.
You hit Pikel.
Pikel looks as sick as possible!
Pikel is severely wounded.
The slave hits you!
You die...

#...#..#...≈......#
##._.###...####_≈##
##### #.#.# ####
#.§## #§≈.# #§.§#
#.S.# #pK≈#


#PsP# ##### You could see Pikel, a slave and a ball python.

Vanquished Creatures
  A scorpion (D:3)
  2 adders (D:2)
  2 worms (D:2)
  3 dart slugs
  3 leopard geckos
  3 bats
  5 giant cockroaches
  6 goblins
  11 hobgoblins
  2 jackals (D:2)
  2 frilled lizards (D:1)
  9 kobolds
  4 rats
53 creatures vanquished.

Notes
Turn   | Place    | Note
-------+----------+-------------------------------------------
     0 | D:1      | MTVSty1e the Bultungin Transmuter began the quest for the Orb.
     0 | D:1      | Reached XP level 1. HP: 15/15 MP: 4/4
   230 | D:1      | Reached XP level 2. HP: 14/22 MP: 3/6
  1094 | D:1      | Reached XP level 3. HP: 14/28 MP: 6/8
  1600 | D:2      | Learned a level 3 spell: Spider Form
  1806 | D:2      | Reached skill level 1 in Armour
  2089 | D:2      | Reached skill level 1 in Short Blades
  2089 | D:2      | Reached XP level 4. HP: 12/35 MP: 6/10
  3046 | D:3      | Reached XP level 5. HP: 28/42 MP: 7/11
  3049 | D:3      | Found a basalt altar of Yredelemnul.
  3159 | D:4      | Noticed Pikel
  3159 | D:4      | Noticed a slave
  3160 | D:4      | Found a staircase to the Ecumenical Temple.
  3163 | D:4      | Noticed a slave
  3169 | Temple   | Entered the Ecumenical Temple
  3207 | Temple   | Became a worshipper of the Wu Jian Council
  3322 | D:4      | Noticed a slave
  3327 | D:4      | Noticed a slave
  3332 | Temple   | Gained mutation: Your body sometimes deteriorates upon taking damage. [potion of mutation]
  3332 | Temple   | Gained mutation: You have sharp fingernails. [potion of mutation]
  3333 | Temple   | Slain by a slave

Vault maps used:
D:1:      lightli_arrival_quake, minmay_pentomino_x4
D:3:      nicolae_ru_great_annihilating_truth, old_standard_altar,
          cheibrodos_sewer_entry_sluice, uniq_iyjb
D:4:      lightli_temple_of_fire, minmay_temple_entry_purple_smoke, uniq_pikel,
          uniq_natasha, uniq_duvessa
Temple:   corrupted_temple

Skill      XL: |  1  2  3  4  5 |
---------------+----------------+-----
Fighting       | 2 3 |  3.8
Armour         | 1 2 |  2.0
Short Blades   | 1 2 |  2.0
Spellcasting   | 4 |  4.3
Dodging        | |  3.9
Unarmed Combat | |  4.8
Transmutations | |  3.7

Action                   |  1- 3 |  4- 6 || total
-------------------------+-------+-------++-------
Melee: Unarmed           |    41 |    23 ||    64
       Bite              |    10 |     9 ||    19
       Headbutt          |     4 |       ||     4
       Dagger            |   141 |    80 ||   221
       Punch             |     3 |     1 ||     4
       Kick              |     3 |       ||     3
 Cast: Beastly Appendage |    10 |       ||    10
       Spider Form       |     2 |     5 ||     7
  Use: Scroll            |     4 |     1 ||     5
       Potion            |       |     2 ||     2
 Stab: Sleeping          |     2 |       ||     2
  Eat: Bread ration      |     1 |       ||     1
       Chunk             |       |     4 ||     4
Armor: Robe              |    41 |    15 ||    56
       Skin              |     1 |       ||     1
Dodge: Dodged            |   120 |   105 ||   225
